 Dungeon Crawl Stone Soup version 0.27.0-1-g7a089689b8 (webtiles) character file.

Game seed: 13924138149977473308

107 SkeletonJelly the Sneak (level 4, -6/23 HPs)
             Began as a Spriggan Abyssal Knight on Aug 12, 2021.
             Was a Follower of Lugonu.
             Mangled by a river rat (9 damage)
             ... on level 3 of the Dungeon.
             The game lasted 00:06:32 (3102 turns).

SkeletonJelly the Sneak (Spriggan Abyssal Knight)   Turns: 3102, Time: 00:06:33

Health: -6/23      AC:  2    Str:  8    XL:     4   Next: 57%
Magic:  6/6        EV: 17    Int: 19    God:    Lugonu [*.....]
Gold:   206        SH:  0    Dex: 15    Spells: 3/3 levels left

rFire    . . .     SeeInvis +   m - +0 short sword (venom)
rCold    . . .     Faith    .   (shield restricted)
rNeg     . . .     Spirit   .   b - +0 robe
rPois    .         Reflect  .   (helmet restricted)
rElec    .         Harm     .   (no cloak)
rCorr    .         Rampage  .   (gloves unavailable)
Will     .....                  (boots unavailable)
Stlth    +++.......             k - amulet of the acrobat
HPRegen  0.07/turn              o - +6 ring of intelligence
MPRegen  0.10/turn              (no ring)

@: very quick
A: very small, no large weapons, unfitting armour, see invisible, speed 3
a: Renounce Religion, Depart the Abyss


You were on level 3 of the Dungeon.
You worshipped Lugonu.
Lugonu was aware of your devotion.
You visited 1 branch of the dungeon, and saw 3 of its levels.
You visited the Abyss 1 time.

You collected 206 gold pieces.

Inventory:

Hand Weapons
 a - a +1 short sword
 g - the +6 hand crossbow of Zeviodd {vorpal, Int+5}
   (You found it on level 3 of the Abyss)

   Any ammunition fired from it inflicts extra damage upon your enemies.
   Int:       It affects your intelligence (+5).
 m - a +0 short sword of venom (weapon)
Missiles
 i - 16 poisoned darts (quivered)
Armour
 b - a +0 robe (worn)
Jewellery
 k - an amulet of the acrobat (around neck)
 o - a +6 ring of intelligence (left hand)
Wands
 e - a wand of digging (3)
Scrolls
 c - 3 scrolls of teleportation {unknown}
 d - a scroll of identify {unknown}
 h - 2 scrolls of fog
Potions
 j - a potion of heal wounds {unknown}
 n - a potion of resistance {unknown}


   Skills:
 - Level 2.4 Fighting
 + Level 4.0 Short Blades
 - Level 3.2 Dodging
 + Level 4.7 Stealth
 - Level 1.8 Invocations


You had 3 spell levels left.
You didn't know any spells.
Your spell library contained the following spells:

 Spells                   Type           Power      Damage    Failure   Level
 Sting                    Tmut/Pois      0%         1d3       21%         1
 Slow                     Hex            0%         N/A       30%         2
 Confusing Touch          Hex            0%         N/A       52%         3
 Mephitic Cloud           Conj/Pois/Air  0%         N/A       52%         3
 Ozocubu's Armour         Ice            0%         N/A       52%         3
 Alistair's Intoxication  Tmut/Pois      0%         N/A       99%         5
 Yara's Violent Unravell  Hex/Tmut       0%         3d3       99%         5
 Ozocubu's Refrigeration  Ice            0%         4d5       100%        7


Dungeon Overview and Level Annotations

Branches:
Dungeon (3/15)

Altars:

Portals:
Sewer: D:3


Innate Abilities, Weirdness & Mutations

You are very small and have problems with some larger weapons.
You are too small for most types of armour.
You have supernaturally acute eyesight. (SInv)
You cover ground extremely quickly. (Speed+++)


Message History

You see here a hobgoblin corpse.
Your unstable footing causes you to fumble your attack.
The kobold splashes around in the water.
You closely miss the kobold. The kobold misses you.
Your unstable footing causes you to fumble your attack.
The kobold splashes around in the water.
Your unstable footing causes you to fumble your attack.
You hit the kobold but do no damage.
The kobold is poisoned.
The kobold completely misses you.
Your unstable footing causes you to fumble your attack.
The kobold hits you with a +0 short sword.
You closely miss the kobold.
The kobold hits you with a +0 short sword.
Your unstable footing causes you to fumble your attack.
The kobold completely misses you.
A rat comes into view.
The kobold throws a stone.
The stone hits you. The rat completely misses you.
You hit the rat.
The rat is poisoned.
The rat is moderately wounded.
The rat bites you.
Your unstable footing causes you to fumble your attack.
The rat splashes around in the water.
Your unstable footing causes you to fumble your attack.
The rat barely misses you.
You hit the rat but do no damage.
The rat is moderately wounded.
The kobold hits you with a +0 short sword.
The rat barely misses you.
You hit the kobold but do no damage.
The kobold is moderately wounded.
The kobold hits you with a +0 short sword.
The rat splashes around in the water.
Your unstable footing causes you to fumble your attack.
You kill the kobold!
Lugonu accepts your kill.
You hear a splash. x2
Things that are here:
a +0 short sword; 5 stones; a kobold corpse Your unstable footing causes you to fumble your attack.
The rat splashes around in the water.
You hit the rat.
The rat looks as sick as possible!
The rat is severely wounded.
You kill the rat!
Lugonu accepts your kill.
Your Short Blades skill increases to level 4!
You hear the slow rusting of a drain.
You see here a rat corpse.
A river rat comes into view.
A river rat comes into view.
The river rat moves out of view.
A river rat and a quokka come into view.
The river rat misses you.
Found a glowing drain.
You barely miss the river rat. The river rat bites you.
The river rat bites you!
* * * LOW HITPOINT WARNING * * *
The river rat misses you. The river rat misses you.
You see here a rat corpse.
Things that are here:
a +0 short sword; 5 stones; a kobold corpse The river rat completely misses you.
You see here a hobgoblin corpse.
The river rat completely misses you. The river rat misses you.
Okay, then.
You closely miss the river rat. The river rat barely misses you.
Your unstable footing causes you to fumble your attack.
The river rat barely misses you.
Your unstable footing causes you to fumble your attack.
The river rat closely misses you.
You hit the river rat but do no damage.
The river rat is poisoned.
The river rat completely misses you.
You hit the river rat but do no damage.
The river rat looks as sick as possible!
The river rat misses you. The river rat completely misses you.
You kill the river rat!
Lugonu accepts your kill.
Throw: 18 darts (poison)
Press: ? - help, Q - select action, (/) - cycle Shift-Dir - straight line, f - river rat
Aim: a river rat (55% to hit)
You throw a poisoned dart. The poisoned dart hits the river rat.
You hear a splash.
Throw: 17 darts (poison)
Press: ? - help, Q - select action, (/) - cycle Shift-Dir - straight line, f/p - river rat
Aim: a river rat (55% to hit)
You throw a poisoned dart. The poisoned dart hits the river rat.
The river rat is poisoned.
You hear a splash.
You hit the river rat but do no damage.
The river rat looks even sicker.
The river rat bites you.
* * * LOW HITPOINT WARNING * * *
You closely miss the river rat. The river rat completely misses you.
You hit the river rat.
The river rat looks as sick as possible!
The river rat is lightly wounded.
The river rat bites you!
You die...

,* *,*#≈≈≈####≈≈≈# # ,*
*,*##)##≈≈##≈## # ,* *,*
#†#≈∩≈≈#≈# # ,* *,*
#r#≈r≈≈#≈##### ##### # ,*
*,*##≈##r≈##≈##..###...## #
,*
*,*#≈≈≈#≈≈#≈(≈##.##.....##
# ,*
*,*#≈≈≈≈≈≈#≈r≈##.#.......##
# ,*
*,*##≈######r###..........#
,* *,*
###,,,,#@#..g...K)....# **
*,*****,***#...#..........#
* *,,,,,,,*
#####.#.......####
********* #.##........r.
*** #.###......... *,******
#.# #####.####
***,*,*,*****#.# #.# #
***,,,,*,**,,,,..# #.# #
*****,,,*****,******** #.#
#


You could see 2 river rats.

Vanquished Creatures
  2 adders (D:2)
  4 gnolls
  A river rat (D:3)
  2 worms (D:2)
  3 endoplasms
  2 giant cockroaches
  2 goblins
  6 hobgoblins
  A quokka (D:3)
  A ball python (D:2)
  2 bats
  4 frilled lizards
  5 kobolds
  4 rats
39 creatures vanquished.

Vanquished Creatures (others)
  A fungus (D:1)
1 creature vanquished.

Grand Total: 40 creatures vanquished

Notes
Turn   | Place    | Note
-------+----------+-------------------------------------------
     0 | Abyss:1  | SkeletonJelly the Spriggan Abyssal Knight began the quest
                  | for the Orb.
     0 | Abyss:1  | Reached XP level 1. HP: 11/11 MP: 3/3
    56 | Abyss:2  | Noticed an ophan
   121 | Abyss:3  | Noticed a hellwing
   131 | Abyss:3  | Noticed a smoke demon
   151 | Abyss:3  | Noticed a smoke demon
   153 | Abyss:3  | Noticed a chaos spawn
   252 | Abyss:3  | Noticed a jelly
   257 | Abyss:3  | Noticed an ancient zyme
   260 | Abyss:3  | Noticed a blink frog
   269 | Abyss:3  | Noticed a small abomination
   270 | Abyss:3  | Noticed an apocalypse crab
   293 | Abyss:3  | Identified the +6 hand crossbow of Zeviodd {vorpal, Int+5}
   293 | Abyss:3  | Noticed a satyr
   296 | D:1      | Escaped the Abyss
   881 | D:1      | Reached skill level 1 in Stealth
  1321 | D:1      | Found a faded altar of an unknown god.
  1371 | D:1      | Reached XP level 2. HP: 16/16 MP: 4/4
  1391 | D:1      | Reached * piety under Lugonu
  1455 | D:1      | Reached XP level 3. HP: 11/19 MP: 5/5
  2338 | D:2      | Reached XP level 4. HP: 5/23 MP: 6/6
  2701 | D:2      | Got the Guide on Toxins
  3070 | D:3      | Found a glowing drain.
  3102 | D:3      | Mangled by a river rat

Illustrated notes

Levels and vault maps discovered:
D:1:      dpeg_arrival_refuge, layout_loops_ring,
          shapermc_ecumenical_altar_mp_urbaneastern, feat_on_display
D:2:      minmay_inner_zag, layout_basic, minivault_25
D:3:      layout_loops_ring, nicolae_yredelemnul_corpse_copse,
          gup_sewer_entry_bubbles, chequers_serial_rivers_small_3, minivault_4,
          minmay_circle_x

Skill      XL: |  1  2  3  4 |
---------------+-------------+-----
Stealth        | 2 3 4 |  4.7
Short Blades   | 3 4 |  4.0
Fighting       | |  2.4
Dodging        | |  3.2
Invocations    | |  1.8

Action                   |  1- 3 |  4- 6 || total
-------------------------+-------+-------++-------
Melee: Short sword       |    62 |    65 ||   127
Throw: Dart              |    31 |     2 ||    33
Invok: Depart the Abyss  |     1 |       ||     1
  Use: Scroll            |       |     3 ||     3
 Stab: Sleeping          |       |     4 ||     4
Armor: Robe              |     3 |     7 ||    10
Dodge: Dodged            |    43 |    49 ||    92
